 Dungeon Crawl Stone Soup version 0.29-a0-340-g6efceafd81 (console) character file.

Game seed: 3057744578553863805

3164 selenthi the Cleaver (level 9, 0/62 (74) HPs)
             Began as a Demigod Wanderer on Apr 20, 2022.
             Slain by a wight
             ... wielding a +0 flail
              (1 damage)
             ... on level 8 of the Dungeon.
             The game lasted 00:12:38 (9187 turns).

selenthi the Cleaver (Demigod Wanderer)             Turns: 9187, Time: 00:12:39

HP:   0/62 (74)     AC: 14    Str: 27    XL:     9   Next: 36%
MP:   11/11         EV:  7    Int: 12    God:
Gold: 521           SH:  0    Dex: 19    Spells: 8/8 levels left

rFire   . . .      SeeInvis .   l - +1 hand axe (drain)
rCold   . . .      Faith    .   (no shield)
rNeg    . . .      Spirit   .   w - +0 plate armour
rPois   .          Reflect  .   x - +0 helmet
rElec   .          Harm     .   b - +0 cloak
rCorr   .          Rampage  .   y - +0 pair of gloves
Will    .....                   (no boots)
Stlth   ..........              B - amulet of the acrobat
HPRegen 0.20/turn               C - +6 ring of strength
MPRegen 0.12/turn               o - ring of flight

@: flying, heavily drained
A: high MP 1, forlorn, divine attributes
a: no special abilities


You were on level 8 of the Dungeon.
You visited 2 branches of the dungeon, and saw 9 of its levels.

You collected 521 gold pieces.

Inventory:

Hand Weapons
 d - a +0 antimagic mace
 l - a +1 hand axe of draining (weapon)
Missiles
 e - 2 throwing nets
 h - 19 poisoned darts (quivered)
Armour
 b - a +0 cloak (worn)
 w - a +0 plate armour (worn)
 x - a +0 helmet (worn)
 y - a +0 pair of gloves (worn)
Jewellery
 o - a ring of flight (right hand)
 A - a ring of positive energy
 B - an amulet of the acrobat (around neck)
 C - a +6 ring of strength (left hand)
Wands
 f - a wand of flame (31)
 m - a wand of charming (9)
 r - a wand of polymorph (14)
 t - a wand of acid (2)
Scrolls
 a - a scroll of fog
 g - 2 scrolls of teleportation
 p - 3 scrolls of torment
 s - a scroll of brand weapon
 u - a scroll of magic mapping
 v - a scroll of blinking
 E - a scroll of fear
 F - a scroll of summoning
Potions
 c - a potion of might
 i - a potion of ambrosia
 k - 6 potions of curing
 n - 3 potions of attraction
 q - a potion of heal wounds
 z - a potion of cancellation


   Skills:
 - Level 5.0 Fighting
 + Level 10.3(10.4) Axes
 - Level 2.6(7.0) Maces & Flails
 - Level 2.6 Bows
 - Level 3.0 Throwing
 + Level 2.2 Armour
 - Level 1.0 Dodging
 - Level 3.0 Evocations


You had 8 spell levels left.
You didn't know any spells.
Your spell library contained the following spells:

 Spells                   Type           Power      Damage    Failure   Level
 Magic Dart               Conj           0%         1d3       99%         1
 Call Imp                 Summ           0%         N/A       100%        2
 Sublimation of Blood     Necr           0%         N/A       100%        2
 Wereblood                Tmut           0%         N/A       100%        2
 Call Canine Familiar     Summ           0%         N/A       100%        3
 Mephitic Cloud           Conj/Pois/Air  0%         N/A       100%        3
 Portal Projectile        Hex/Tloc       0%         N/A       100%        3
 Leda's Liquefaction      Hex/Erth       0%         N/A       100%        4
 Petrify                  Tmut/Erth      0%         N/A       100%        4
 Metabolic Englaciation   Hex/Ice        0%         N/A       100%        5
 Statue Form              Tmut/Erth      0%         N/A       100%        6
 Summon Hydra             Summ           0%         N/A       100%        7


Dungeon Overview and Level Annotations

Branches:
Dungeon (8/15)             Temple (1/1) D:7
   Lair: D:8-11

Annotations:
D:4 exclusion: 2 goblins


Innate Abilities, Weirdness & Mutations

You have an increased reservoir of magic. (+10% MP)
You shall have no god before yourself.
Your divine heritage dramatically boosts your attributes as you level up.


Message History

The wight is lightly damaged.
The wight hits you with a +0 flail!
You feel drained.
You hit the wight but do no damage.
The wight is lightly damaged.
You hit the wight.
The wight is lightly damaged.
The wight hits you but does no damage.
You closely miss the wight.
The wight is lightly damaged.
The wight barely misses you.
You closely miss the wight.
The wight is lightly damaged.
The wight hits you with a +0 flail!
You feel drained.
You barely miss the wight.
The wight is lightly damaged.
The wight hits you with a +0 flail.
You hit the wight but do no damage.
The wight is lightly damaged.
You hit the wight.
The wight is heavily damaged.
The wight hits you with a +0 flail!
* * * LOW HITPOINT WARNING * * *
You closely miss the wight.
The wight is heavily damaged.
The wight hits you with a +0 flail.
* * * LOW HITPOINT WARNING * * *
You feel drained.
You hit the wight but do no damage.
The wight is heavily damaged.
The wight hits you with a +0 flail!
* * * LOW HITPOINT WARNING * * *
You feel drained.
You closely miss the wight.
The wight is heavily damaged.
You hit the wight but do no damage.
The wight is heavily damaged.
The wight hits you with a +0 flail!
* * * LOW HITPOINT WARNING * * *
You feel drained.
You die...

........###.....#
.......#####....#
##....###.#+#..#####
##..###._.###.##..#
#...###.#'#..##..#
#.#..#####...#..## ≈
#.....###.......##
..
#..#....#..#..###.#
zz
#..##..#...#....@z.#
.# ..#
#.######..#)#..###
.# .###.##
##.....#..#..# ###..
#.#...#....# ....#
#.....###### ##..#
#....### ####.#
..#..# . ...##.. #


You could see a wight.

Vanquished Creatures
  A kobold demonologist (D:6)
  Eustachio (D:4)
  Edmund (D:5)
  A water moccasin (D:6)
  2 sky beasts
  An orc warrior (D:7)
  2 ice beasts
  3 ogres
  A centaur (D:7)
  A kobold brigand (D:4)
  A necrophage (D:4)
  4 scorpions
  A bullfrog (D:7)
  A wight (D:8)
  6 howler monkeys
  9 hounds
  2 jellies
  6 orc priests
  5 iguanas
  7 orc wizards
  4 gnolls (D:5)
  5 adders
  2 white imps (D:5)
  2 worms
  25 orcs
  7 ball pythons
  10 bats
  10 endoplasms
  5 giant cockroaches
  5 goblins
  5 hobgoblins
  9 jackals
  9 kobolds
  A quokka (D:5)
  4 frilled lizards
  5 rats
164 creatures vanquished.

Notes
Turn   | Place    | Note
-------+----------+-------------------------------------------
     0 | D:1      | selenthi the Demigod Wanderer began the quest for the Orb.
     0 | D:1      | selenthi set off with the following items: a +2 shortbow, a
                  | +0 mace, a +0 scale mail, a potion of heal wounds
     0 | D:1      | Reached XP level 1. HP: 16/16 MP: 3/3
   178 | D:1      | Reached XP level 2. HP: 24/24 MP: 4/4
  1188 | D:2      | Reached XP level 3. HP: 30/30 MP: 1/5
  2413 | D:3      | Reached skill level 1 in Throwing
  2413 | D:3      | Reached XP level 4. HP: 34/38 MP: 2/6
  3197 | D:4      | Reached skill level 1 in Axes
  3197 | D:4      | Reached XP level 5. HP: 38/46 MP: 7/7
  3675 | D:4      | Reached skill level 2 in Axes
  3901 | D:4      | Reached XP level 6. HP: 22/53 MP: 8/8
  4177 | D:4      | Reached skill level 3 in Axes
  4384 | D:5      | Entered Level 5 of the Dungeon
  4398 | D:5      | Reached skill level 5 in Fighting
  4429 | D:5      | Noticed Eustachio
  4581 | D:4      | Killed Eustachio
  4582 | D:4      | Reached skill level 4 in Axes
  4582 | D:4      | Reached XP level 7. HP: 59/61 MP: 9/9
  4616 | D:5      | Noticed Edmund
  4933 | D:4      | Reached skill level 5 in Axes
  4933 | D:4      | Reached skill level 1 in Evocations
  5548 | D:5      | Killed Edmund
  5549 | D:5      | Reached skill level 6 in Axes
  5786 | D:6      | Reached XP level 8. HP: 56/68 MP: 10/10
  5928 | D:6      | Reached skill level 7 in Axes
  6294 | D:6      | Reached skill level 8 in Axes
  6522 | D:6      | Noticed a kobold demonologist
  6543 | D:6      | Killed a kobold demonologist
  6544 | D:6      | Reached skill level 9 in Axes
  7143 | D:7      | Noticed a +0 dagger
  7144 | D:7      | Noticed a +0 hand axe
  7203 | D:7      | Reached XP level 9. HP: 35/74 MP: 11/11
  7618 | D:7      | Found a staircase to the Ecumenical Temple.
  8689 | Temple   | Entered the Ecumenical Temple
  8779 | D:8      | Reached skill level 10 in Axes
  9187 | D:8      | HP: 1/64 [wight/+0 flail (7)]
  9187 | D:8      | Slain by a wight

Illustrated notes

Levels and vault maps discovered:
D:1:      minmay_arrival_three_doors, layout_basic,
          hellmonk_ecumenical_altar_heavens_door, lemuel_old_faithful
D:2:      layout_basic
D:3:      layout_loops_corners, cheibrodos_worm_habitat
D:4:      minmay_wonky_spiral, layout_basic, kennysheep_okawaru_gauntlet
D:5:      layout_cave_pools, uniq_edmund, uniq_eustachio
D:6:      layout_basic, ashenzari_altar_1, serial_curves, eino_curves_01,
          eino_curves_04, chequers_serial_rivers_micro_c
D:7:      layout_basic, nicolae_ru_great_annihilating_truth,
          lemuel_coloured_pillars_altar, dancing_weapons_uskayaw,
          amcnicky_altar_gilded, minmay_temple_entry_antechambers,
          dk_noncrumbling_4, minivault_26, glass_columns_a
D:8:      layout_layer_cave, lemuel_blue_sif_altar,
          nemelex_diamond_rough_becter, kennysheep_mini, erik_lair_island
Temple:   corrupted_temple

Skill      XL: |  1  2  3  4  5  6  7  8  9 |
---------------+----------------------------+-----
Fighting       | 2 3 4 5 |  5.0
Throwing       | 1 2 3 |  3.0
Axes           | 1 2 4 6 9 10 | 10.3
Evocations     | 2 3 |  3.0
Armour         | 2 |  2.2
Maces & Flails | |  2.6
Bows           | |  2.6
Dodging        | |  1.0

Action                   |  1- 3 |  4- 6 |  7- 9 || total
-------------------------+-------+-------+-------++-------
Melee: Mace              |   152 |    15 |       ||   167
       Punch             |     1 |     2 |     6 ||     9
       Hand axe          |       |   166 |   328 ||   494
Throw: Dart              |       |     1 |    21 ||    22
Evoke: Wand              |       |       |     7 ||     7
  Use: Potion            |     2 |     4 |     1 ||     7
       Scroll            |     1 |     4 |    10 ||    15
 Stab: Paralysed         |       |       |     1 ||     1
Armor: Scale mail        |    79 |       |       ||    79
       Chain mail        |    38 |   140 |   117 ||   295
       Plate armour      |       |       |     8 ||     8
Dodge: Dodged            |   101 |    72 |   129 ||   302

Table legend: (Time is in decaauts)
 A = Elapsed time spent in this place.
 B = Non-inter-level travel time spent in this place.
 C = Inter-level travel time spent in this place.
 D = Time resting spent in this place.
 E = Time spent auto-exploring this place.
 F = Levels seen in this place.
 G = Mean time per level.
                   A        B        C        D        E       F      G
               +--------+--------+--------+--------+--------+-----+--------+
         Total |   9236 |   8714 |    522 |   2647 |   4369 |   9 | 1026.2 |
       Dungeon |   9235 |   8713 |    522 |   2647 |   4369 |   8 | 1154.4 |
        Temple |      1 |      1 |      0 |      0 |      0 |   1 |    1.0 |
               +--------+--------+--------+--------+--------+-----+--------+

Top non-repeatable levels by time:
     D:4: 1871 daAuts
     D:6: 1469 daAuts
     D:7: 1341 daAuts
     D:3: 1110 daAuts
     D:1: 1097 daAuts
     D:5: 914 daAuts
     D:2: 856 daAuts
     D:8: 572 daAuts
  Temple: 1 daAuts
